General information
- name: BNet
- type: Ladder team game (AT/RT)
- host: Battle.net
- saver: BIOWARE-SUX.
map: GoldRush
- players: 8
- length: 55:32
- speed: Fast
- version: 1.26 W3XP
- replay type: Public
» download(293 KB)
Players
team 1 (winner)
Rodsum41 (
pink | 32 APM | 626 actions | 19:43)
4 Archmage
1 Summon Water Elemental
2 Brilliance Aura
1 Blizzard
1 Paladin
1 Holy Light
» actions
| Build / train | 67 | |
| Enter build submenu | 21 | |
| Enter hero's abilities submenu | 6 | |
| Right click | 212 | |
| Select / deselect | 256 | |
| Use ability | 62 | |
626 total
» units
| Peasant | 16 | |
| Footman | 8 | |
| Rifleman | 6 | |
| Spell Breaker | 5 | |
| Priest | 3 | |
| Mortar Team | 3 | |
| Knight | 2 | |
| Gryphon Rider | 3 | |
46 total
» upgrades
| Defend | 1 | |
| Masonry | 2 | |
| Swords | 1 | |
| Plating | 2 | |
| Gunpowder | 1 | |
| Armor | 1 | |
| Lumber Harvesting | 2 | |
| Priest Training | 1 | |
11 total
» buildings
| Altar of Kings | 2 | |
| Farm | 9 | |
| Barracks | 1 | |
| Lumber Mill | 1 | |
| Blacksmith | 1 | |
| Arcane Vault | 1 | |
| Keep | 1 | |
| Arcane Sanctum | 1 | |
| Workshop | 1 | |
| Town Hall | 2 | |
| Castle | 1 | |
| Gryphon Aviary | 1 | |
22 total
» build order
00:21 Altar of Kings
00:36 Farm
00:52 Barracks
01:07 Farm
01:13 Lumber Mill
01:42 Farm
01:55 Farm
02:37 Farm
02:51 Blacksmith
03:32 Arcane Vault
04:38 Keep
05:13 Farm
06:36 Farm
07:24 Farm
07:47 Arcane Sanctum
07:51 Workshop
10:08 Town Hall
13:14 Castle
14:39 Gryphon Aviary
14:43 Farm
15:30 Town Hall
18:50 Altar of Kings
» items
BIOWARE-SUX. (
purple | 69 APM | 3849 actions | 55:32)
10 Dark Ranger
3 Black Arrow
3 Silence
1 Charm
3 Life Drain
» actions
| Assign group hotkey | 44 | |
| Basic commands | 122 | |
| Build / train | 106 | |
| Enter build submenu | 27 | |
| Enter hero's abilities submenu | 10 | |
| Give item / drop item | 5 | |
| Remove unit from queue | 1 | |
| Right click | 1670 | |
| Select / deselect | 398 | |
| Select group hotkey | 1300 | |
| Use ability | 166 | |
3849 total
» units
| Peon | 28 | |
| Grunt | 3 | |
| Forest Troll Shadow Priest | 1 | |
| Wind Rider | 10 | |
| Gryphon Rider | 2 | |
| Knight | 2 | |
| Sorceress | 2 | |
| Tauren | 3 | |
51 total
» upgrades
| Ranged Weapons | 3 | |
| Armor | 3 | |
| Reinforced Defenses | 1 | |
| Envenomed Spears | 1 | |
| Melee Weapons | 3 | |
| Pulverize | 1 | |
| Burning Oil | 1 | |
13 total
» buildings
| Barracks | 3 | |
| Orc Burrow | 8 | |
| Altar of Storms | 1 | |
| Voodoo Lounge | 1 | |
| Great Hall | 3 | |
| Stronghold | 1 | |
| War Mill | 2 | |
| Fortress | 1 | |
| Beastiary | 2 | |
| Watch Tower | 41 | |
| Tauren Totem | 2 | |
65 total
» build order
00:12 Barracks
00:22 Orc Burrow
00:39 Altar of Storms
01:34 Orc Burrow
01:47 Voodoo Lounge
03:31 Great Hall
04:20 Orc Burrow
04:51 Stronghold
05:22 Great Hall
05:42 War Mill
07:40 Fortress
07:52 Beastiary
07:58 Beastiary
08:25 Orc Burrow
08:25 Orc Burrow
09:07 Watch Tower
09:08 Watch Tower
09:08 Watch Tower
09:08 Watch Tower
10:10 Watch Tower
10:10 Watch Tower
12:44 Watch Tower
12:45 Watch Tower
12:47 Watch Tower
12:47 Watch Tower
12:47 Watch Tower
15:55 Orc Burrow
15:55 Orc Burrow
15:57 Watch Tower
15:57 Watch Tower
18:25 Watch Tower
18:26 Watch Tower
18:26 Watch Tower
20:04 Watch Tower
20:04 Watch Tower
20:05 Watch Tower
20:05 Watch Tower
20:05 Watch Tower
20:06 Watch Tower
20:08 Watch Tower
20:08 Watch Tower
20:08 Watch Tower
20:09 Watch Tower
20:09 Watch Tower
20:10 Watch Tower
20:11 Watch Tower
20:11 Watch Tower
20:11 Watch Tower
20:12 Watch Tower
20:13 Watch Tower
26:29 Watch Tower
26:29 Watch Tower
26:30 Watch Tower
26:30 Watch Tower
26:35 Tauren Totem
26:37 Tauren Totem
30:31 Great Hall
32:58 Orc Burrow
44:41 Barracks
44:43 Barracks
46:56 War Mill
» items
| Healing Salve | 8 | |
| Potion of Lesser Invulnerability | 2 | |
| Scroll of Healing | 1 | |
| Staff of Teleportation | 1 | |
| Potion of Healing | 2 | |
| Scroll of Town Portal | 7 | |
| Orb of Lightning | 1 | |
| Staff of Sanctuary | 1 | |
| Potion of Mana | 2 | |
| Scroll of Regeneration | 1 | |
26 total
ICEM4N (
teal | 15 APM | 849 actions | 55:31)
4 Paladin
1 Devotion Aura
2 Divine Shield
1 Holy Light
2 Archmage
2 Blizzard
1 Naga Sea Witch
1 Forked Lightning
» actions
| Basic commands | 11 | |
| Build / train | 69 | |
| Enter build submenu | 76 | |
| Enter hero's abilities submenu | 7 | |
| Remove unit from queue | 29 | |
| Right click | 312 | |
| Select / deselect | 268 | |
| Use ability | 77 | |
849 total
» units
| Peasant | 18 | |
| Footman | 5 | |
| Gryphon Rider | 6 | |
| Dragonhawk Rider | 7 | |
| Siege Engine | -18 | |
18 total
» upgrades
| Defend | 1 | |
| Swords | 1 | |
| Armor | 2 | |
| Animal War Training | 1 | |
| Barrage | 1 | |
6 total
» buildings
| Altar of Kings | 2 | |
| Farm | 40 | |
| Barracks | 2 | |
| Lumber Mill | 3 | |
| Scout Tower | 8 | |
| Guard Tower | 6 | |
| Keep | 2 | |
| Blacksmith | 1 | |
| Castle | 2 | |
| Town Hall | 5 | |
| Workshop | 4 | |
75 total
» build order
00:12 Altar of Kings
00:16 Farm
01:13 Farm
01:35 Barracks
01:53 Farm
02:30 Farm
02:48 Lumber Mill
03:17 Scout Tower
04:11 Guard Tower
04:41 Farm
04:57 Farm
05:07 Keep
05:31 Farm
05:46 Scout Tower
06:12 Farm
06:14 Guard Tower
06:24 Blacksmith
06:58 Farm
08:29 Farm
09:09 Scout Tower
09:11 Scout Tower
09:35 Castle
10:10 Guard Tower
10:39 Altar of Kings
10:42 Farm
10:54 Lumber Mill
11:51 Scout Tower
12:02 Scout Tower
12:21 Guard Tower
12:30 Scout Tower
12:32 Guard Tower
12:37 Scout Tower
13:10 Guard Tower
16:05 Town Hall
16:37 Farm
16:39 Farm
16:42 Farm
16:44 Farm
16:47 Farm
17:54 Farm
17:58 Farm
18:47 Barracks
21:51 Farm
21:53 Farm
21:55 Farm
21:57 Farm
22:02 Farm
23:16 Farm
23:21 Farm
27:56 Town Hall
28:06 Town Hall
33:13 Farm
35:22 Keep
35:25 Farm
36:20 Farm
36:59 Farm
37:04 Farm
37:08 Farm
37:10 Farm
37:23 Farm
37:27 Farm
38:42 Workshop
38:47 Workshop
38:49 Castle
38:56 Farm
38:59 Farm
39:01 Farm
39:44 Farm
39:47 Farm
39:49 Farm
40:00 Workshop
40:41 Workshop
44:07 Town Hall
45:16 Lumber Mill
47:26 Town Hall

»
blue- (
green | 42 APM | 823 actions | 19:39)
4 Archmage
2 Blizzard
2 Brilliance Aura
4 Naga Sea Witch
2 Frost Arrows
2 Forked Lightning
» actions
| Assign group hotkey | 20 | |
| Basic commands | 43 | |
| Build / train | 65 | |
| Enter build submenu | 30 | |
| Enter hero's abilities submenu | 6 | |
| Remove unit from queue | 1 | |
| Right click | 329 | |
| Select / deselect | 259 | |
| Select group hotkey | 22 | |
| Use ability | 48 | |
823 total
» units
| Peasant | 15 | |
| Footman | 14 | |
| Gryphon Rider | 13 | |
42 total
» upgrades
| Swords | 2 | |
| Armor | 1 | |
| Storm Hammers | 1 | |
4 total
» buildings
| Altar of Kings | 1 | |
| Farm | 8 | |
| Barracks | 1 | |
| Lumber Mill | 1 | |
| Blacksmith | 1 | |
| Arcane Vault | 1 | |
| Town Hall | 2 | |
| Keep | 1 | |
| Gryphon Aviary | 3 | |
| Castle | 1 | |
| Scout Tower | 7 | |
| Guard Tower | 2 | |
29 total
» build order
00:24 Altar of Kings
00:39 Farm
00:55 Barracks
01:10 Farm
01:27 Lumber Mill
02:06 Farm
02:46 Blacksmith
02:50 Farm
03:07 Arcane Vault
03:56 Farm
04:53 Town Hall
05:09 Farm
05:13 Farm
05:33 Keep
05:56 Farm
08:13 Gryphon Aviary
08:14 Gryphon Aviary
08:15 Gryphon Aviary
09:46 Castle
11:13 Scout Tower
11:14 Scout Tower
11:16 Scout Tower
11:17 Scout Tower
11:56 Guard Tower
11:58 Scout Tower
12:00 Scout Tower
12:03 Scout Tower
12:37 Guard Tower
19:04 Town Hall
» items
| Scroll of Regeneration | 1 | |
| Potion of Healing | 3 | |
4 total
team 2 (loser)
BasePutsch (
red | 65 APM | 3584 actions | 55:31)
9 Archmage
3 Summon Water Elemental
3 Brilliance Aura
1 Mass Teleport
2 Blizzard
7 Mountain King
2 Storm Bolt
3 Bash
1 Avatar
1 Thunder Clap
» actions
| Assign group hotkey | 185 | |
| Basic commands | 295 | |
| Build / train | 110 | |
| Enter build submenu | 48 | |
| Enter hero's abilities submenu | 16 | |
| Give item / drop item | 6 | |
| Remove unit from queue | 4 | |
| Right click | 1289 | |
| Select / deselect | 610 | |
| Select group hotkey | 808 | |
| Use ability | 213 | |
3584 total
» units
| Peasant | 22 | |
| Footman | 10 | |
| Gryphon Rider | 6 | |
| Dragonhawk Rider | 2 | |
| Acolyte | 1 | |
41 total
» upgrades
| Masonry | 3 | |
| Defend | 1 | |
| Swords | 3 | |
| Plating | 1 | |
| Lumber Harvesting | 2 | |
| Armor | 3 | |
| Storm Hammers | 1 | |
| Animal War Training | 1 | |
15 total
» buildings
| Altar of Kings | 1 | |
| Barracks | 1 | |
| Farm | 9 | |
| Arcane Vault | 2 | |
| Town Hall | 3 | |
| Keep | 4 | |
| Lumber Mill | 3 | |
| Blacksmith | 1 | |
| Guard Tower | 10 | |
| Scout Tower | 26 | |
| Castle | 1 | |
| Gryphon Aviary | 8 | |
69 total
» build order
00:36 Altar of Kings
00:38 Barracks
00:53 Farm
01:06 Farm
01:20 Farm
02:07 Farm
02:42 Farm
03:19 Arcane Vault
04:00 Town Hall
05:02 Keep
05:02 Keep
05:30 Lumber Mill
06:31 Town Hall
06:57 Blacksmith
08:53 Guard Tower
08:54 Guard Tower
10:15 Scout Tower
10:16 Scout Tower
10:17 Scout Tower
10:17 Scout Tower
10:18 Scout Tower
10:32 Scout Tower
10:32 Scout Tower
10:33 Scout Tower
10:33 Scout Tower
10:35 Scout Tower
10:36 Scout Tower
10:36 Scout Tower
10:37 Scout Tower
10:39 Castle
11:11 Guard Tower
11:18 Guard Tower
11:31 Guard Tower
11:38 Town Hall
11:59 Arcane Vault
13:27 Gryphon Aviary
13:27 Gryphon Aviary
13:28 Gryphon Aviary
13:28 Gryphon Aviary
17:11 Farm
20:16 Farm
20:17 Farm
22:39 Scout Tower
22:40 Scout Tower
22:41 Scout Tower
22:41 Scout Tower
22:43 Scout Tower
22:43 Scout Tower
22:44 Scout Tower
22:45 Scout Tower
22:45 Scout Tower
22:46 Scout Tower
22:48 Scout Tower
23:11 Lumber Mill
23:17 Lumber Mill
23:40 Guard Tower
23:51 Guard Tower
23:54 Guard Tower
24:22 Guard Tower
25:01 Gryphon Aviary
25:01 Gryphon Aviary
25:02 Gryphon Aviary
25:04 Gryphon Aviary
25:07 Guard Tower
» items
| Scroll of Regeneration | 4 | |
| Periapt of Vitality | 4 | |
| Ivory Tower | 3 | |
| Potion of Lesser Invulnerability | 2 | |
| Boots of Speed | 1 | |
| Staff of Teleportation | 2 | |
16 total
Gabriel912 (
orange | 57 APM | 1799 actions | 31:40)
5 Death Knight
3 Death Coil
2 Death Pact
2 Lich
1 Frost Armor
1 Frost Nova
1 Crypt Lord
1 Carrion Beetles
» actions
| Assign group hotkey | 26 | |
| Basic commands | 2 | |
| Build / train | 70 | |
| Enter build submenu | 16 | |
| Enter hero's abilities submenu | 8 | |
| Remove unit from queue | 1 | |
| Right click | 485 | |
| Select / deselect | 483 | |
| Select group hotkey | 660 | |
| Use ability | 46 | |
1799 total
» units
| Acolyte | 12 | |
| Ghoul | 4 | |
| Crypt Fiend | 16 | |
32 total
» upgrades
| Creature Attack | 3 | |
| Burrow | 1 | |
| Web | 1 | |
| Creature Carapace | 3 | |
| Cannibalize | 1 | |
| Ghoul Frenzy | 1 | |
| Unholy Strength | 2 | |
| Unholy Armor | 1 | |
| Backpack | 1 | |
| Stone Form | 1 | |
15 total
» buildings
| Altar of Darkness | 1 | |
| Ziggurat | 9 | |
| Crypt | 2 | |
| Graveyard | 1 | |
| Spirit Tower | 8 | |
| Halls of the Dead | 1 | |
| Nerubian Tower | 1 | |
| Tomb of Relics | 1 | |
| Black Citadel | 1 | |
25 total
» build order
00:29 Altar of Darkness
00:32 Ziggurat
00:34 Crypt
01:26 Crypt
01:33 Graveyard
02:13 Ziggurat
03:02 Ziggurat
04:10 Spirit Tower
04:43 Halls of the Dead
06:50 Ziggurat
06:51 Ziggurat
08:15 Ziggurat
08:46 Ziggurat
08:46 Ziggurat
08:57 Ziggurat
09:02 Spirit Tower
10:19 Spirit Tower
10:22 Spirit Tower
10:49 Nerubian Tower
11:06 Spirit Tower
11:10 Spirit Tower
11:11 Spirit Tower
11:18 Spirit Tower
12:37 Tomb of Relics
13:31 Black Citadel
dch (
blue | 127 APM | 3767 actions | 29:43)
5 Priestess of the Moon
2 Trueshot Aura
2 Scout
1 Starfall
5 Demon Hunter
2 Mana Burn
3 Evasion
1 Pandaren Brewmaster
1 Drunken Haze
» actions
| Assign group hotkey | 59 | |
| Basic commands | 86 | |
| Build / train | 153 | |
| ESC pressed | 10 | |
| Enter build submenu | 38 | |
| Enter hero's abilities submenu | 12 | |
| Give item / drop item | 3 | |
| Right click | 1574 | |
| Select / deselect | 600 | |
| Select group hotkey | 1054 | |
| Use ability | 178 | |
3767 total
» units
| Wisp | 46 | |
| Archer | 20 | |
| Druid of the Claw | 15 | |
| Dryad | 3 | |
84 total
» upgrades
| Improved Bows | 1 | |
| Druid of the Claw Training | 2 | |
| Mark of the Claw | 1 | |
| Abolish Magic | 1 | |
| Marksmanship | 1 | |
6 total
» buildings
| Altar of Elders | 1 | |
| Moon Well | 7 | |
| Ancient of War | 4 | |
| Ancient of Wonders | 3 | |
| Tree of Life | 11 | |
| Tree of Ages | 2 | |
| Hunter's Hall | 1 | |
| Tree of Eternity | 2 | |
| Ancient of Lore | 3 | |
34 total
» build order
00:15 Altar of Elders
00:20 Moon Well
01:26 Ancient of War
01:37 Ancient of War
01:42 Moon Well
01:52 Ancient of War
01:57 Ancient of War
02:09 Moon Well
02:47 Ancient of Wonders
03:49 Tree of Life
03:53 Tree of Life
04:43 Tree of Ages
04:43 Tree of Ages
05:33 Hunter's Hall
06:43 Tree of Life
07:07 Moon Well
07:42 Tree of Eternity
07:42 Tree of Eternity
07:44 Ancient of Lore
07:45 Ancient of Lore
08:23 Moon Well
08:32 Ancient of Lore
10:18 Moon Well
17:16 Moon Well
18:31 Tree of Life
20:04 Tree of Life
21:05 Tree of Life
22:18 Tree of Life
24:04 Ancient of Wonders
24:30 Tree of Life
25:12 Ancient of Wonders
25:22 Tree of Life
29:24 Tree of Life
29:37 Tree of Life
» items
| Staff of Preservation | 3 | |
| Anti-magic Potion | 3 | |
| Potion of Healing | 11 | |
| Orb of Venom | 2 | |
| Scroll of Town Portal | 5 | |
24 total

»
NOT_U_AGAIN (
yellow | 20 APM | 1063 actions | 54:04)
4 Archmage
2 Blizzard
2 Summon Water Elemental
» actions
| Basic commands | 52 | |
| Build / train | 115 | |
| Enter build submenu | 60 | |
| Enter hero's abilities submenu | 4 | |
| Remove unit from queue | 5 | |
| Right click | 319 | |
| Select / deselect | 429 | |
| Use ability | 79 | |
1063 total
» units
| Peasant | 15 | |
| Rifleman | 9 | |
| Knight | 10 | |
| Footman | 13 | |
| Siege Engine | 15 | |
62 total
» upgrades
| Lumber Harvesting | 2 | |
| Long Rifles | 1 | |
| Swords | 3 | |
| Gunpowder | 3 | |
| Animal War Training | 1 | |
| Masonry | 3 | |
| Defend | 1 | |
| Plating | 3 | |
| Barrage | 1 | |
| Armor | 2 | |
20 total
» buildings
| Altar of Kings | 1 | |
| Farm | 11 | |
| Barracks | 1 | |
| Blacksmith | 1 | |
| Lumber Mill | 1 | |
| Scout Tower | 22 | |
| Guard Tower | 19 | |
| Keep | 3 | |
| Castle | 2 | |
| Town Hall | 10 | |
| Workshop | 5 | |
76 total
» build order
00:32 Altar of Kings
00:35 Farm
01:16 Barracks
02:06 Blacksmith
02:24 Lumber Mill
03:39 Farm
04:21 Farm
04:40 Scout Tower
05:00 Scout Tower
05:15 Farm
05:23 Guard Tower
05:31 Guard Tower
05:39 Keep
07:23 Scout Tower
07:36 Farm
07:37 Farm
07:41 Farm
07:52 Scout Tower
08:00 Guard Tower
08:17 Castle
08:33 Farm
08:36 Farm
08:42 Farm
08:47 Guard Tower
08:53 Scout Tower
09:49 Guard Tower
09:53 Scout Tower
10:56 Guard Tower
13:07 Town Hall
18:43 Workshop
18:48 Workshop
18:56 Town Hall
21:03 Town Hall
21:54 Scout Tower
22:35 Town Hall
22:53 Scout Tower
22:55 Guard Tower
23:21 Scout Tower
23:22 Guard Tower
23:58 Farm
24:03 Scout Tower
24:06 Guard Tower
24:51 Guard Tower
24:56 Scout Tower
25:57 Scout Tower
27:56 Scout Tower
28:44 Guard Tower
29:34 Scout Tower
31:46 Town Hall
32:03 Town Hall
32:13 Scout Tower
32:16 Guard Tower
32:46 Scout Tower
33:14 Keep
33:53 Guard Tower
36:17 Workshop
36:20 Workshop
36:26 Workshop
39:21 Town Hall
40:00 Town Hall
40:57 Keep
41:47 Town Hall
43:20 Castle
44:17 Scout Tower
45:14 Guard Tower
45:19 Scout Tower
45:46 Scout Tower
45:49 Scout Tower
46:05 Scout Tower
46:44 Scout Tower
46:58 Guard Tower
47:00 Guard Tower
47:16 Guard Tower
48:41 Town Hall
Chat log
(00:05 / Allies) BIOWARE-SUX.: wyverns bats
(00:22 / Allies) ICEM4N: knights and cast
(03:04 / All) BIOWARE-SUX.: how we all doing today
(03:24 / All) BIOWARE-SUX.: im gonna get laid..............in mass effect 3
(03:36 / Allies) ICEM4N: fuck
(03:38 / All) BasePutsch: by who
(03:41 / Allies) ICEM4N: FUCK
(03:43 / All) BIOWARE-SUX.: reporter
(03:54 / All) BasePutsch: which one
(04:13 / All) BIOWARE-SUX.: diane allers
(04:16 / All) BasePutsch: one of them is a lesbian
(04:25 / All) BIOWARE-SUX.: taylors
(04:31 / All) ICEM4N: how is me3? I want it bad
(04:36 / All) BIOWARE-SUX.: overrated
(04:39 / All) BasePutsch: so many faggots and ykes
(04:47 / All) ICEM4N: i love the first one
(05:27 / Allies) BIOWARE-SUX.: wood plz
(05:29 / Allies) BIOWARE-SUX.: and gold
(05:30 / Allies) BIOWARE-SUX.: if u can spare
(05:41 / Allies) ICEM4N: cant yellow killed my peasants
(08:08 / Allies) BIOWARE-SUX.: blue is there
(08:10 / Allies) BIOWARE-SUX.: dont tp come to me
(09:31 / Allies) ICEM4N: help
(10:22 / Allies) BIOWARE-SUX.: stay
(10:39 / Allies) BIOWARE-SUX.: wood
(10:51 / All) BasePutsch: This base belongs to me
(11:03 / Allies) BIOWARE-SUX.: wood green
(11:12 / Allies) ICEM4N: wow guys
(12:19 / Allies) BIOWARE-SUX.: expos
(12:36 / Allies) BIOWARE-SUX.: lets go pink
(12:46 / Allies) blue-: LUMBER??
(12:48 / All) BasePutsch: Stay off my property teal
(12:57 / Allies) BIOWARE-SUX.: TOWR UP
(12:59 / All) ICEM4N: fuck you
(13:02 / Allies) BIOWARE-SUX.: i have a spy on other team
(13:04 / All) ICEM4N: known of my team came
(13:09 / All) BasePutsch: Yeah they did
(13:13 / All) BasePutsch: 2 of them did
(13:17 / All) BasePutsch: They died like you
(13:18 / Allies) BIOWARE-SUX.: stay pinjk
(13:27 / All) ICEM4N: no just 1 but hey obv you dont know how to count
(13:29 / Allies) BIOWARE-SUX.: dont run
(13:38 / All) BasePutsch: Two came watch replay
(13:58 / All) BasePutsch: I've got 4 gold mines running how many you have?
(15:03 / Allies) BIOWARE-SUX.: stay
(15:04 / Allies) BIOWARE-SUX.: near me grene
(15:21 / Allies) BIOWARE-SUX.: hit expos
(15:32 / Allies) ICEM4N: pinkl stay off that mine
(15:36 / Allies) ICEM4N: get off pink
(16:59 / Allies) BIOWARE-SUX.: green
(17:00 / Allies) BIOWARE-SUX.: dont hit red
(17:05 / Allies) BIOWARE-SUX.: green
(17:07 / Allies) BIOWARE-SUX.: red is my spy
(17:09 / Allies) BIOWARE-SUX.: he is on our side
(17:10 / Allies) BIOWARE-SUX.: ok?
(17:18 / Allies) ICEM4N: bull shit reds on r team
(17:31 / All) BasePutsch: You picked a fight green
(17:40 / All) BasePutsch: I've only got 11k now thanks to you
(18:53 / All) BasePutsch: stupid bitch
(19:08 / All) BasePutsch: fucking asshole
(19:12 / All) BasePutsch: now how am I gonna get wood
(19:17 / All) blue-: Fuck u red, u blow at this game
(19:25 / All) BasePutsch: that so?
(19:34 / All) BasePutsch: You should give me lessons
(19:39 / All) BasePutsch: did you even have a tp?
(19:45 / Allies) ICEM4N: purp do something with ur shit
(20:42 / Allies) ICEM4N: purp what is the plan
(20:48 / Allies) BIOWARE-SUX.: stay
(20:50 / Allies) BIOWARE-SUX.: i have spy
(20:57 / Allies) ICEM4N: dude i really doubt it
(21:34 / Allies) ICEM4N: whats your spy ganna do?
(22:37 / Allies) ICEM4N: not a good plan
(23:54 / All) BIOWARE-SUX.: LOTS OF Nigger fiends
(24:03 / All) Gabriel912: you're right
(24:21 / Allies) ICEM4N: is ur spy ganna team kill or something
(24:24 / Allies) BIOWARE-SUX.: yes
(24:28 / Allies) ICEM4N: really?
(24:32 / Allies) BIOWARE-SUX.: its red
(24:33 / Allies) ICEM4N: or is he ganna bone us?
(24:44 / Allies) BIOWARE-SUX.: hes a close friend
(24:52 / Allies) ICEM4N: ... im staying i never quit a game early but man... this dont look good
(25:19 / Allies) BIOWARE-SUX.: ill tell red to stab
(25:51 / Allies) ICEM4N: tell him to stab soon
(26:02 / Allies) BIOWARE-SUX.: when oj hits
(26:03 / Allies) BIOWARE-SUX.: kill fiends
(26:04 / Allies) BIOWARE-SUX.: ok
(26:49 / Allies) BIOWARE-SUX.: come green
(26:50 / Allies) BIOWARE-SUX.: ok
(26:55 / Allies) BIOWARE-SUX.: hit blue
(26:55 / Allies) BIOWARE-SUX.: come
(28:57 / All) BIOWARE-SUX.: blue is trying too hard
(29:00 / All) BIOWARE-SUX.: seriously
(29:05 / All) BIOWARE-SUX.: anti magic potion then starfall
(29:06 / Allies) ICEM4N: tell red to kill his ass
(29:07 / All) BIOWARE-SUX.: u dont see this in 4v4
(29:40 / Allies) ICEM4N: gold to green?
(30:02 / All) BIOWARE-SUX.: how is blue only 13-16 seriously
(30:13 / Allies) ICEM4N: idk.. im 10 and 13...
(30:43 / Allies) ICEM4N: what units yellow got?
(31:39 / Allies) ICEM4N: gold to green he needs a mine
(31:43 / All) BasePutsch: heh
(33:36 / Allies) ICEM4N: tf
(34:04 / Allies) ICEM4N: purp
(34:40 / Allies) ICEM4N: purp!
(34:45 / All) BIOWARE-SUX.: yes teal
(34:56 / Allies) ICEM4N: what are we doing reds killing r bases
(35:00 / All) BIOWARE-SUX.: im sorry bu tthere is no way blue was a 13-16 player
(36:32 / All) BasePutsch: He's gonna lose now
(36:36 / All) BasePutsch: guess not
(36:37 / All) ICEM4N: i dont like to wuit :/
(36:45 / All) ICEM4N: quit*
(37:02 / All) BasePutsch: You fought valiantly to retake your homeland
(37:04 / All) BIOWARE-SUX.: will u leave?
(37:16 / All) ICEM4N: lol I tried
(37:31 / All) BIOWARE-SUX.: we'll give u a chance to win ok teal?
(37:47 / Allies) ICEM4N: purp
(37:52 / Allies) ICEM4N: whos team are you on
(37:54 / All) BIOWARE-SUX.: if we kill all units and leave one building on each side, will u leave ur internet on all week for a win?
(38:17 / All) ICEM4N: can we just win...
(38:26 / All) BasePutsch: Nothing doing
(40:21 / Allies) ICEM4N: purp what is going on? like what is red and your goal?
(40:29 / All) ICEM4N: to get every resouce?
(40:41 / All) BIOWARE-SUX.: red and i are associates in an underground assocation
(40:54 / All) ICEM4N: which is..
(41:01 / All) BIOWARE-SUX.: cerberus
(41:07 / All) ICEM4N: yeah.. ok
(42:13 / Allies) ICEM4N: the fuck
(42:28 / All) BIOWARE-SUX.: stay teal
(42:30 / All) BIOWARE-SUX.: u are a warrior
(42:37 / Allies) ICEM4N: for how long
(42:49 / All) BIOWARE-SUX.: warriors never leave
(43:13 / Allies) ICEM4N: then keep pink alive ima tank and kick the shit out of those gryphs
(43:36 / All) BIOWARE-SUX.: i will rape red, teal
(43:37 / All) BasePutsch: How did it feel to lose your base teal
(43:43 / All) ICEM4N: bad...
(44:29 / All) BasePutsch: Yellow's been plugging away
(47:04 / Allies) ICEM4N: why did u cancel pinks TH
(47:17 / All) BIOWARE-SUX.: mistake teal
(47:18 / All) BIOWARE-SUX.: sorry
(48:06 / All) BIOWARE-SUX.: mistake red
(48:07 / All) BIOWARE-SUX.: sorry
(48:22 / All) BasePutsch: Nah I've had my eye on him
(48:33 / All) ICEM4N: on who?
(48:37 / All) ICEM4N: dear god i have nothing
(48:58 / All) BasePutsch: Yellow is officially out of this game
(49:21 / Allies) ICEM4N: purp ill mass tank with pink?
(49:26 / All) BasePutsch: lol
(49:37 / All) BasePutsch: That was quite witty
(49:46 / All) BIOWARE-SUX.: what he say
(49:50 / All) BIOWARE-SUX.: teal still is clueless
(49:58 / Allies) ICEM4N: w
(49:59 / All) BasePutsch: my mom is in his game when he bangs her face
(50:07 / All) ICEM4N: WTFFFFF
(50:32 / All) BIOWARE-SUX.: why did he say that
(50:33 / All) BIOWARE-SUX.: teal
(50:41 / All) ICEM4N: ?
(50:42 / All) ICEM4N: yes?
(50:48 / All) BIOWARE-SUX.: why did yellow say that
(50:49 / All) BIOWARE-SUX.: to red
(50:51 / All) BIOWARE-SUX.: he is rude
(50:53 / All) ICEM4N: why you killing pink..
(51:01 / All) BIOWARE-SUX.: im making it even
(51:08 / All) ICEM4N: the hell man
(51:11 / All) NOT_U_AGAIN: SUCK PENIS PURP
(51:18 / All) BIOWARE-SUX.: lawl
(51:22 / All) BIOWARE-SUX.: teal why he say that
(51:49 / All) BasePutsch: He's spam pinging me
(51:51 / Allies) ICEM4N: my units to
(51:56 / All) BIOWARE-SUX.: teal
(51:57 / All) BasePutsch: It has caused me to reconsider my actions
(51:58 / Allies) ICEM4N: you realize i have no gold or lumber
(52:06 / All) BasePutsch: Perhaps this isn't moral or just
(52:31 / All) BIOWARE-SUX.: this
(52:36 / All) BIOWARE-SUX.: is gonna be the most unique standoff ever
(52:43 / Allies) ICEM4N: u have no units
(52:44 / All) BasePutsch: Why is that
(52:47 / Allies) ICEM4N: red will bone you
(52:48 / All) BIOWARE-SUX.: teal and yellow are regular einsteins
(52:54 / All) BasePutsch: haha
(52:59 / All) ICEM4N: .....
(53:04 / All) ICEM4N: yellow purp is ganna win
(53:11 / All) BIOWARE-SUX.: teal keeps telling me
(53:32 / All) BIOWARE-SUX.: all chat
(53:36 / All) BasePutsch: Why don't you say that in all? YOu embarrassed about your mouth?
(53:43 / All) ICEM4N: what?
(53:47 / All) ICEM4N: im talking in all?
(54:05 / All) BIOWARE-SUX.: stay fellows
(54:08 / All) BasePutsch: Yellow called my mother a whore
(54:11 / All) BasePutsch: and said she licks asshole
(54:17 / All) BIOWARE-SUX.: yes
(54:17 / All) ICEM4N: Yellow! you asshole!
(54:25 / All) ICEM4N: his mother is A NICE LADY
(54:26 / All) BIOWARE-SUX.: teal if u leave u get a tie
(54:26 / All) BIOWARE-SUX.: ok
(54:53 / All) BIOWARE-SUX.: we lose right
(55:03 / All) BasePutsch: Only if you stay
(55:12 / All) BIOWARE-SUX.: teal leave ok?
(55:25 / All) ICEM4N: no
(55:29 / All) ICEM4N: i want to see what your doing